 Dungeon Crawl Stone Soup version 0.26.1-11-gd32895ea62 (webtiles) character file.

Game seed: 5392815873993932504

858 nothank2 the Basher (level 7, -7/51 HPs)
             Began as a Grey Draconian Monk on June 24, 2021.
             Was a Believer of Hepliaklqana.
             Shot with an arrow by a centaur (13 damage)
             ... on level 5 of the Dungeon.
             The game lasted 00:13:38 (6550 turns).

nothank2 the Basher (Grey Draconian Monk)           Turns: 6550, Time: 00:13:38

Health: -7/51      AC: 14    Str: 22    XL:     7   Next: 71%
Magic:  7/7        EV: 13    Int: 10    God:    Hepliaklqana [**....]
Gold:   281        SH:  0    Dex: 13    Spells: 6/6 levels left

rFire    + . .     SeeInvis .   a - +1 mace
rCold    . . .     Faith    .   (no shield)
rNeg     . . .     Spirit   .   (armour unavailable)
rPois    .         Reflect  .   (helmet restricted)
rElec    .         Harm     .   (no cloak)
rCorr    .         Rampage  .   q - +1 pair of gloves
Will     .....                  s - +0 pair of boots (curse)
Stlth    ++........             (no amulet)
HPRegen  0.17/turn              o - +6 ring of strength
MPRegen  0.10/turn              r - ring of protection from fire

@: lethally poisoned (-7 -> -11)
A: walk through water, unfitting armour, reduced essence, unbreathing,
cold-blooded, AC +11
a: Renounce Religion, Ancestor Life: Knight, Ancestor Life: Battlemage, Ancestor
Life: Hexer, Recall Ancestor, Ancestor Identity


You were on level 5 of the Dungeon.
You worshipped Hepliaklqana.
Hepliaklqana was pleased with you.
You visited 2 branches of the dungeon, and saw 6 of its levels.
You also visited: Sewer.

You collected 281 gold pieces.

Inventory:

Hand Weapons
 a - a +1 mace (weapon)
Missiles
 m - 8 poisoned darts (quivered)
Armour
 q - a +1 pair of gloves (worn)
 s - a cursed +0 pair of boots (worn)
Jewellery
 o - a +6 ring of strength (left hand)
 r - a ring of protection from fire (right hand)
Scrolls
 d - 6 scrolls of identify
 e - 2 scrolls of enchant weapon
 f - a scroll of magic mapping
 h - 4 scrolls of teleportation
 i - a scroll of amnesia {unknown}
 p - a scroll of fear
Potions
 b - 3 potions of might {unknown}
 c - 6 potions of curing
 g - 3 potions of flight
 j - a potion of degeneration {unknown}
 k - 3 potions of heal wounds {unknown}
 l - 2 potions of mutation {unknown}
 n - a potion of haste {unknown}
 t - 3 potions of brilliance {unknown}


   Skills:
 - Level 3.2 Fighting
 + Level 9.2 Maces & Flails
 + Level 0.8 Throwing
 - Level 2.6 Dodging
 - Level 1.7 Stealth


You had 6 spell levels left.
You didn't know any spells.
Your spell library was empty.

Dungeon Overview and Level Annotations

Branches:
Dungeon (5/15)             Temple (1/1) D:4           Sewer (visited)

Altars:
Ashenzari
Cheibriados
Dithmenos
Elyvilon
Fedhas
Gozag
Hepliaklqana
Makhleb
Nemelex Xobeh
Okawaru
Qazlal
Ru
Sif Muna
Trog
Uskayaw
Wu Jian
Xom
Yredelemnul
Zin
The Shining One

Shops:
D:4 [   D:5 (

Annotations:
D:4 2 transporters, nothank2's ghost, amateur MiFi


Innate Abilities, Weirdness & Mutations

You can walk through water.
Your dull iron-grey scales are very hard. (AC +11)
You cannot fit into any form of body armour.
You can survive without breathing.
You are cold-blooded and may be slowed by cold attacks.
Your life essence is reduced to manifest your ancestor. (-10% HP)


Message History

You are too injured to fight recklessly!
You are too injured to fight recklessly!
You are too injured to fight recklessly!
You barely miss the scorpion.
The scorpion is moderately wounded.
You feel sick.
The centaur shoots an arrow.
The arrow hits you!
* * * LOW HITPOINT WARNING * * *
The orc wizard hits Chitauli but does no damage.
Chitauli hits the orc wizard but does no damage.
The orc hits Chitauli with a cursed -1 flail.
The scorpion stings you but does no damage.
You feel sick.
The orc wizard hits Chitauli but does no damage.
Chitauli closely misses the orc wizard.
You feel sick.
The orc wizard mumbles some strange words.
The orc wizard seems to speed up.
The centaur shoots an arrow.
The arrow closely misses you.
Chitauli barely misses the orc wizard.
The centaur shoots an arrow.
The arrow hits you!
You die...

..#............# .. .
........#.....# ## #.##
..............# ###..#†#. #
#...........## .(.......
..#....Ro......# ..........
....#..(co.....#...........
#.....s......>...........
##.....?.....#. ###......
..........@...# ........
.............## .........
.............# .........
...#.........### ........
...##...##..(#.## ....)..
## #....†.......####...#...
##....##.......#...## #
##.#.....##........## #
###....#.#.....##..###


You could see the friendly Chitauli the ancestor, a centaur, a scorpion, an orc
wizard (fast) and an orc.

Vanquished Creatures
  A big kobold (Sewer)
  A gnoll shaman (D:4)
  A bullfrog skeleton (D:4)
  2 orc priests (D:4)
  2 orc wizards
  An iguana (D:4)
  Natasha (thrice) (D:2)
  3 worker ants
  5 gnolls (D:4)
  2 river rats
  4 adders
  An ooze (D:3)
  An adder skeleton (D:5)
  5 worms
  2 leopard geckos
  17 orcs
  6 giant cockroaches
  13 goblins
  5 hobgoblins
  11 jackals
  2 quokkas
  9 bats
  5 frilled lizards
  9 kobolds
  A leopard gecko skeleton (D:4)
  9 rats
121 creatures vanquished.

Vanquished Creatures (collateral kills)
  An ogre (D:5)
  2 scorpions (D:5)
  2 gnolls (D:4)
  A worm (D:5)
  An orc (D:5)
7 creatures vanquished.

Vanquished Creatures (others)
  An ancestor (D:4)
1 creature vanquished.

Grand Total: 129 creatures vanquished

Notes
Turn   | Place    | Note
-------+----------+-------------------------------------------
     0 | D:1      | nothank2 the Draconian Monk began the quest for the Orb.
     0 | D:1      | Reached XP level 1. HP: 19/19 MP: 1/1
   461 | D:1      | Reached XP level 2. HP: 26/26 MP: 2/2
  1092 | D:1      | Reached skill level 4 in Maces & Flails
  1360 | D:2      | Reached XP level 3. HP: 31/31 MP: 3/3
  1628 | D:2      | Noticed Natasha
  1640 | D:2      | Killed Natasha
  1641 | D:2      | Reached skill level 5 in Maces & Flails
  1641 | D:2      | Reached XP level 4. HP: 26/38 MP: 4/4
  1757 | D:2      | Noticed Natasha
  1770 | D:2      | Killed Natasha
  1896 | D:2      | Noticed Natasha
  1916 | D:2      | Killed Natasha
  2130 | D:2      | Reached XP level 5. HP: 42/45 MP: 5/5
  2612 | D:3      | Reached skill level 6 in Maces & Flails
  3038 | D:3      | Found a glowing drain.
  3049 | Sewer    | Entered a sewer
  3351 | Sewer    | Reached XP level 6. HP: 33/51 MP: 6/6
  3487 | Sewer    | Found a white marble altar of Elyvilon.
  3622 | D:3      | Found a glowing golden altar of the Shining One.
  3624 | D:3      | Found a blossoming altar of Fedhas.
  4026 | D:3      | Found a white marble altar of Elyvilon.
  4475 | D:4      | Reached skill level 7 in Maces & Flails
  4536 | D:4      | Found Coddarav's Antique Armour Boutique.
  4936 | D:4      | Found a staircase to the Ecumenical Temple.
  4945 | Temple   | Entered the Ecumenical Temple
  5064 | Temple   | Became a worshipper of Hepliaklqana the Forgotten
  5064 | Temple   | Reached * piety under Hepliaklqana
  5064 | Temple   | Reached ** piety under Hepliaklqana
  5159 | D:4      | Found a transporter.
  5169 | D:4      | Noticed nothank2's ghost (amateur MiFi)
  5171 | D:4      | Identified the +3 great mace "Baabbeff" {holy, rPois rC+}
  5175 | D:4      | Found a transporter.
  5690 | D:4      | Reached skill level 8 in Maces & Flails
  5690 | D:4      | Your scales start taking on a dull iron-grey colour.
  5690 | D:4      | Reached XP level 7. HP: 24/51 MP: 7/7
  5690 | D:4      | Gained mutation: You can survive without breathing. [Grey
                  | Draconian growth]
  6127 | D:5      | Entered Level 5 of the Dungeon
  6394 | D:5      | Found Feliadghesmu's Antique Weapon Emporium.
  6413 | D:5      | Reached skill level 9 in Maces & Flails
  6550 | D:5      | Shot with an arrow by a centaur

Illustrated notes

Levels and vault maps discovered:
D:1:      dpeg_arrival_oval, layout_basic, st_stairs_14
D:2:      layout_basic, serial_glass, glass_columns_a, glass_columns_b,
          uniq_natasha
D:3:      layout_basic, nicolae_overflow_hidden_temple, gup_sewer_entry_bubbles
D:4:      layout_basic, minmay_temple_entry_purple_smoke, gammafunk_ghost_smash,
          serial_shops, nicolae_shop_statue_plus
D:5:      layout_cave_pools, vehumet_statue, kiku_gazebo_pond_becter,
          serial_shops, nicolae_shop_stone
Temple:   minmay_temple_bridge_d

Skill      XL: |  1  2  3  4  5  6  7 |
---------------+----------------------+-----
Maces & Flails | 4 5 6 8 9 |  9.2
Fighting       | |  3.2
Throwing       | |  0.8
Dodging        | |  2.6
Stealth        | |  1.7

Action                   |  1- 3 |  4- 6 |  7- 9 || total
-------------------------+-------+-------+-------++-------
Melee: Mace              |    95 |   278 |    84 ||   457
       Tailslap          |    10 |    30 |     6 ||    46
Throw: Dart              |       |     3 |     2 ||     5
  Use: Scroll            |       |     8 |       ||     8
       Potion            |       |     1 |       ||     1
 Stab: Sleeping          |     4 |     7 |     1 ||    12
Armor: Skin              |    30 |    69 |    30 ||   129
Dodge: Dodged            |    68 |   187 |    46 ||   301
